 Dungeon Crawl Stone Soup version 0.26.0-20-g3ca415f5b8 (webtiles) character file.

Game seed: 13657654020072793530

168323 sizableburger the Sage (level 17, 0/118 HPs)
             Began as a Demonspawn Ice Elementalist on Jan 25, 2021.
             Was a High Priest of Sif Muna.
             Slain by a two-headed ogre
             ... wielding a cursed -1 giant club
              (12 damage)
             ... on level 1 of the Vaults.
             The game lasted 03:25:59 (58533 turns).

sizableburger the Sage (DsIE)                      Turns: 58533, Time: 03:26:00

Health: 0/118      AC: 37    Str: 12    XL:     17   Next: 8%
Magic:  6/29       EV: 16    Int: 24    God:    Sif Muna [*****.]
Gold:   3661       SH:  5    Dex: 13    Spells: 1/33 levels left

rFire    + . .     SeeInvis .   O - staff of cold
rCold    + + .     Faith    +   k - +0 buckler {rPois}
rNeg     . . .     Spirit   .   E - +5 steam dragon scales
rPois    +         Reflect  .   F - +2 hat
rElec    +         Harm     .   M - +2 cloak
rCorr    .         Rampage  +   x - +2 pair of gloves
Will     ++...                  I - +2 pair of boots {rampage}
Stlth    ++........             i - amulet of faith
HPRegen  0.29/turn              u - ring "Ynoluid" {*Drain +Inv rElec Will+ Str+3}
MPRegen  0.21/turn              d - ring of protection from fire

@: icy armour, very slightly contaminated
A: antennae 1, thin metallic scales 3, cold resistance 1, powered by pain 2,
augmentation 1, freezing cloud immunity
}: 1/15 runes: decaying
a: Renounce Religion, Evoke Invisibility, Channel Magic, Forget Spell, Divine
Exegesis


You were on level 1 of the Vaults.
You worshipped Sif Muna.
Sif Muna was extremely pleased with you.
You visited 7 branches of the dungeon, and saw 30 of its levels.
You visited 1 bazaar.
You also visited: Sewer and Bailey.

You collected 4335 gold pieces.
You spent 674 gold pieces at shops.

Inventory:

Armour
 k - a +0 buckler of poison resistance (worn)
 x - a +2 pair of gloves (worn)
 E - +5 steam dragon scales (worn)
 F - a +2 hat (worn)
 I - a +2 pair of boots of rampaging (worn)
 M - a +2 cloak (worn)
Magical Staves
 a - an uncursed staff of death
 N - an uncursed staff of poison
 O - an uncursed staff of cold (weapon)
Jewellery
 d - a ring of protection from fire (right hand)
 h - an uncursed amulet of reflection
 i - an amulet of faith (around neck)
 p - an uncursed ring of positive energy
 t - an uncursed amulet of regeneration
 u - the ring "Ynoluid" (left hand) {*Drain +Inv rElec Will+ Str+3}
   (You bought it in a shop in a bazaar)

   [ring of willpower]

   It affects your strength (+3).
   It insulates you from electricity.
   It affects your willpower, your defense against some magical effects.
   It lets you turn invisible.
   It causes draining when unequipped.
 v - an uncursed ring of poison resistance
 y - an uncursed amulet of guardian spirit
 L - an uncursed ring of willpower
 R - an uncursed ring of protection from cold
 S - an uncursed amulet of magic regeneration
 Y - an uncursed ring of see invisible
 Z - an uncursed ring of resist corrosion
Wands
 n - a wand of polymorph (25)
 s - a wand of enslavement (15)
 H - a wand of paralysis (34)
 J - a wand of iceblast (17)
 Q - a wand of flame (49)
 W - a wand of acid (25)
Scrolls
 c - a scroll of summoning
 e - 5 scrolls of immolation
 f - 21 scrolls of remove curse
 j - 3 scrolls of fear
 w - 7 scrolls of identify
 z - a scroll of teleportation
 D - a scroll of vulnerability
 P - 2 scrolls of fog
 U - a scroll of brand weapon
Potions
 b - 3 potions of ambrosia
 g - a potion of heal wounds
 l - 9 potions of haste
 m - 2 potions of cancellation
 o - 14 potions of curing
 q - 3 potions of magic
 B - a potion of resistance
 K - 3 potions of brilliance
 X - 5 potions of flight
Miscellaneous
 V - a box of beasts


   Skills:
 - Level 6.3 Fighting
 + Level 11.1 Staves
 - Level 4.0 Armour
 - Level 7.4 Dodging
 - Level 1.7 Stealth
 - Level 4.0 Shields
 - Level 8.6 Spellcasting
 + Level 10.6 Conjurations
 - Level 6.0 Hexes
 - Level 9.0 Summonings
 - Level 0.6 Transmutations
 - Level 0.5 Fire Magic
 - Level 11.3 Ice Magic
 + Level 9.3 Air Magic
 - Level 5.2 Poison Magic
 - Level 12.3 Invocations
 - Level 8.6 Evocations


You had one spell level left.
You knew the following spells:

 Your Spells              Type           Power        Failure   Level
a - Freeze                Ice            100%         1%          1
b - Frozen Ramparts       Ice            100%         1%          3
c - Ozocubu's Armour      Ice            78%          1%          3
d - Summon Ice Beast      Ice/Summ       73%          1%          4
e - Metabolic Englaciati  Hex/Ice        33%          4%          5
f - Poisonous Vapours     Pois/Air       90%          1%          2
g - Freezing Cloud        Conj/Ice/Air   37%          13%         6
h - Mephitic Cloud        Conj/Pois/Air  50%          1%          3
i - Swiftness             Air            53%          1%          2
j - Ignite Poison         Fire/Tmut/Pois 20%          8%          3

Your spell library contained the following spells:

 Spells                   Type           Power        Failure   Level
 Corona                   Hex            43%          1%          1
 Foxfire                  Conj/Fire      100%         1%          1
 Magic Dart               Conj           100%         1%          1
 Shock                    Conj/Air       100%         1%          1
 Sting                    Tmut/Pois      96%          1%          1
 Summon Small Mammal      Summ           100%         1%          1
 Animate Skeleton         Necr           20%          6%          1
 Apportation              Tloc           20%          6%          1
 Call Imp                 Summ           52%          1%          2
 Ensorcelled Hibernation  Hex/Ice        100%         1%          2
 Searing Ray              Conj           100%         1%          2
 Slow                     Hex            39%          1%          2
 Call Canine Familiar     Summ           52%          1%          3
 Confusing Touch          Hex            39%          1%          3
 Conjure Flame            Conj/Fire      37%          1%          3
 Dazzling Flash           Conj/Hex       100%         1%          3
 Static Discharge         Conj/Air       55%          1%          3
 Summon Guardian Golem    Hex/Summ       46%          1%          3
 Airstrike                Air            26%          1%          4
 Hailstorm                Conj/Ice       76%          1%          4
 Summon Lightning Spire   Summ/Air       53%          1%          4
 Iskenderun's Battlesphe  Conj           57%          2%          5
 Lightning Bolt           Conj/Air       27%          2%          5
 Inner Flame              Hex/Fire       26%          4%          3
 Ice Form                 Ice/Tmut       56%          4%          4
 Summon Demon             Summ           26%          4%          5
 Portal Projectile        Hex/Tloc       48%          5%          3
 Cause Fear               Hex            19%          5%          4
 Sticky Flame             Conj/Fire      37%          6%          4
 Olgreb's Toxic Radiance  Pois           35%          7%          4
 Summon Mana Viper        Hex/Summ       46%          8%          5
 Ozocubu's Refrigeration  Ice            39%          9%          6
 Blink                    Tloc           N/A          10%         2
 Sublimation of Blood     Necr           5%           10%         2
 Conjure Ball Lightning   Conj/Air       27%          16%         6
 Fireball                 Conj/Fire      18%          17%         5
 Irradiate                Conj/Tmut      18%          17%         5
 Gell's Gravitas          Tloc           5%           19%         3
 Lesser Beckoning         Tloc           5%           19%         3
 Leda's Liquefaction      Hex/Erth       12%          19%         4
 Shadow Creatures         Summ           N/A          24%         6
 Summon Forest            Summ/Tloc      15%          26%         5
 Yara's Violent Unravell  Hex/Tmut       13%          41%         5
 Petrify                  Tmut/Erth      11%          47%         4
 Invisibility             Hex            39%          63%         6
 Simulacrum               Ice/Necr       27%          65%         6
 Spellforged Servitor     Conj/Summ      27%          67%         7
 Monstrous Menagerie      Summ           26%          78%         7
 Summon Greater Demon     Summ           26%          78%         7
 Dispersal                Tloc           5%           100%        6
 Hydra Form               Tmut           6%           100%        6
 Statue Form              Tmut/Erth      7%           100%        6
 Dragon Form              Tmut           6%           100%        7
 Haunt                    Necr/Summ      15%          100%        7
 Discord                  Hex            19%          100%        8
 Ignition                 Fire           6%           100%        8
 Summon Horrible Things   Summ           26%          100%        8
 Dragon's Call            Summ           26%          100%        9


Dungeon Overview and Level Annotations

Branches:
Dungeon (15/15)            Temple (1/1) D:4            Lair (6/6) D:11
  Swamp (4/4) Lair:2        Snake (1/4) Lair:2        Slime (0/5) Lair:6
    Orc (2/2) D:10            Elf (0/3) Orc:2        Vaults (1/5) D:13
 Depths (0/5) D:15          Sewer (visited)          Bailey (visited)

Altars:
Ashenzari
Cheibriados
Dithmenos
Elyvilon
Fedhas
Gozag
Hepliaklqana
Kikubaaqudgha
Makhleb
Nemelex Xobeh
Okawaru
Qazlal
Ru
Sif Muna
Trog
Uskayaw
Vehumet
Wu Jian
Xom
Yredelemnul
Zin
The Shining One
Beogh
Jiyva

Shops:
D:4 !   D:10 *   D:11 [   Orc:1 =::?   Orc:2 *}[(*   Snake:1 (?

Annotations:
Lair:3 1 runed translucent door, Gadfly's ghost, journeyman GrFi
Snake:1 2 transporters, exclusion: orange crystal statue, Asterion


Innate Abilities, Weirdness & Mutations

You have a pair of small antennae on your head.
You are completely covered in thin metallic scales. (AC +4, rElec)
Your flesh is cold resistant. (rC+)
You sometimes gain power by taking damage.
Your magical and physical power is slightly enhanced at high health.
You are immune to freezing clouds.


Message History

Casting: Freezing Cloud (dangerous; 13% risk of failure)
Confirm with . or Enter, or press ? or * to list all spells.
Aiming: Freezing Cloud (dangerous; 13% risk of failure)
Press: ? - help, Dir - move target, f - two-headed ogre
Aim: a two-headed ogre, wielding a -1 giant club and a +0 giant club (moderately wounded)
You feel a surge of power!
The two-headed ogre is engulfed in freezing vapours.
Unknown command.
The two-headed ogre is engulfed in freezing vapours.
Casting: Freezing Cloud (dangerous; 13% risk of failure)
Confirm with . or Enter, or press ? or * to list all spells.
You feel a surge of power! A film of ice covers your body!
Unknown command.
You barely miss the two-headed ogre.
The two-headed ogre is severely wounded.
The two-headed ogre is engulfed in freezing vapours.
The two-headed ogre hits you with a cursed -1 giant club!
* * * LOW HITPOINT WARNING * * *
The two-headed ogre hits you with a +0 giant club!
You die...

+....# #....#
#....# #....#
#....# #...○#
######.§☼§#
....§§.§§§#
.....§§§O@#
............§§§°§#
............§§°☼.#
............§§§)§#
...............☼)#
.............)...#
.................#
#...............#
#...............#


You could see a two-headed ogre.

Vanquished Creatures
  A storm dragon (D:14)
  An orc warlord (Orc:2)
  An ironheart preserver (Vaults:1)
  Nessos (D:13)
  A bunyip (Swamp:1)
  A dire elephant (Lair:6)
  An eleionoma (Swamp:4)
  2 ogre magi (Vaults:1)
  2 rakshasas
  Erolcha (Orc:1)
  3 boulder beetles
  2 ghost crabs
  4 centaur warriors
  A catoblepas (Lair:6)
  9 hydras
  16 two-headed ogres
  An alligator (Swamp:1)
  5 anacondas (Snake:1)
  A deep troll shaman (Lair:6)
  9 death yaks (Lair:6)
  Urug (Lair:3)
  An orc high priest (Orc:2)
  A spriggan druid (Swamp:1)
  A deep elf archer (Vaults:1)
  5 unseen horrors
  A lindwurm (shapeshifter) (D:14)
  A swamp dragon (Swamp:4)
  A naga ritualist (Snake:1)
  An ironbrand convoker (Vaults:1)
  A necromancer (D:15)
  A wolf spider zombie (D:12)
  3 deep elf magi
  5 orc knights
  12 ugly things
  2 manticores (D:11)
  8 cyclopes
  5 orc sorcerers
  3 mana vipers (Snake:1)
  4 will-o-the-wisps
  6 black mambas
  31 elephants
  A naga mage (Snake:1)
  5 cane toads
  3 gargoyles
  A freezing wraith (D:14)
  3 centaur skeletons
  A rime drake (Lair:5)
  A kobold demonologist (D:15)
  6 komodo dragons
  6 trolls
  A merfolk (shapeshifter) (Vaults:1)
  2 hornets
  3 polar bears
  A polar bear (shapeshifter) (Vaults:1)
  3 tyrant leeches
  12 slime creatures
  A harpy skeleton (D:15)
  6 dream sheep (Lair:5)
  12 blink frogs
  2 shadows
  2 spriggans
  4 wraiths
  A centaur simulacrum (D:15)
  6 wyverns
  22 yaks
  15 humans
  4 basilisks
  Grum (D:8)
  4 vampire mosquitoes
  6 wargs
  5 swamp worms
  4 nagas
  An acid dragon (shapeshifter) (D:11)
  2 soldier ants (D:12)
  2 acid dragons
  13 water moccasins
  43 orc warriors
  An ice beast (D:10)
  A sky beast (D:7)
  A phantom (D:9)
  A black bear (Lair:6)
  35 ogres
  7 wolves
  11 centaurs
  5 big kobolds
  17 bullfrogs
  A wyvern zombie (D:14)
  8 scorpions
  2 wyvern skeletons
  A hornet simulacrum (D:12)
  16 killer bees
  3 electric eels
  3 bullfrog zombies
  2 centaur zombies
  5 hounds
  2 jellies
  41 orc wizards
  9 bullfrog skeletons
  34 orc priests
  5 iguanas
  Ijyb (D:3)
  11 worker ants
  3 nameless horrors
  A hound zombie (D:4)
  A hound skeleton (D:4)
  A worker ant zombie (D:7)
  3 gnolls (D:5)
  2 river rats (Sewer)
  17 adders
  A shadow imp (D:8)
  4 white imps
  4 ufetubi
  An ooze (D:3)
  An adder skeleton (D:5)
  9 worms
  A dart slug (D:2)
  7 leopard geckos
  141 orcs
  6 giant cockroaches
  11 goblins
  6 hobgoblins
  5 quokkas
  5 ball pythons
  9 bats
  9 frilled lizards
  25 kobolds
  A leopard gecko skeleton (D:4)
  15 rats
  2 butterflies (D:4)
876 creatures vanquished.

Vanquished Creatures (collateral kills)
  the Lernaean hydra (Swamp:4)
  Gastronok (D:8)
  A thorn hunter (Swamp:4)
  A fenstrider witch (Swamp:3)
  A bunyip (Swamp:1)
  3 eleionomae
  13 hydras
  2 ghost crabs
  2 catoblepae
  4 alligators
  2 death yaks (Lair:6)
  An orc high priest (Orc:2)
  4 goliath frogs
  3 spriggan druids
  10 swamp dragons
  4 bog bodies
  An orc sorcerer (Orc:1)
  2 ugly things (D:15)
  15 elephants
  A freezing wraith (D:14)
  A komodo dragon (Lair:6)
  3 trolls
  2 ice devils (D:12)
  8 tyrant leeches
  6 hornets
  3 polar bears (D:10)
  2 slime creatures (D:10)
  7 blink frogs
  A dream sheep (Lair:5)
  8 spriggans
  A shadow (D:11)
  10 yaks
  3 wraiths
  2 wyverns (D:14)
  A steam dragon (D:7)
  A human (D:13)
  A vampire mosquito (D:11)
  9 swamp worms
  6 orc warriors
  13 swamp drakes
  An ice beast (D:12)
  A phantom (D:11)
  2 ogres
  An eye of draining (D:14)
  A wolf (D:10)
  A hornet simulacrum (D:12)
  3 wights (D:7)
  4 electric eels
  2 bullfrog zombies (D:5)
  A jelly (D:10)
  A bullfrog skeleton (D:11)
  2 orc priests (Orc:2)
  A hound (D:11)
  A wyvern simulacrum (D:10)
  An iguana (D:14)
  A worker ant (D:11)
  A centaur simulacrum (D:10)
  A bullfrog simulacrum (D:10)
  A hound simulacrum (D:10)
  4 white imps
  An adder skeleton (D:10)
  9 orcs
  2 goblins (D:14)
  12 kobolds
215 creatures vanquished.

Vanquished Creatures (others)
  A bunyip (Swamp:3)
  3 bloated husks
  A vampire mosquito (D:13)
  A sky beast (D:13)
  An orc (Orc:2)
  44 foxfires
  43 fungi
  81 plants
175 creatures vanquished.

Grand Total: 1266 creatures vanquished

Notes
Turn   | Place    | Note
-------+----------+-------------------------------------------
     0 | D:1      | sizableburger the Demonspawn Ice Elementalist began the
                  | quest for the Orb.
     0 | D:1      | Reached XP level 1. HP: 13/13 MP: 3/3
   565 | D:1      | Gained mutation: You sometimes gain a little power by
                  | taking damage. [demonic ancestry]
   565 | D:1      | Reached XP level 2. HP: 19/19 MP: 1/5
  1415 | D:2      | Gained mutation: You are partially covered in thin metallic
                  | scales. (AC +2) [demonic ancestry]
  1415 | D:2      | Reached XP level 3. HP: 24/24 MP: 2/6
  1466 | D:2      | Found a glowing silver altar of Zin.
  1494 | D:2      | Learned a level 3 spell: Frozen Ramparts
  1873 | D:2      | Found a broken altar of Ashenzari.
  1942 | D:2      | Reached XP level 4. HP: 30/30 MP: 7/7
  2124 | D:2      | Learned a level 3 spell: Ozocubu's Armour
  2480 | D:3      | Gained mutation: Your flesh is cold resistant. (rC+)
                  | [demonic ancestry]
  2480 | D:3      | Reached XP level 5. HP: 31/35 MP: 1/9
  3015 | D:3      | Noticed Ijyb
  3025 | D:3      | Killed Ijyb
  3797 | D:4      | Gained mutation: You are mostly covered in thin metallic
                  | scales. (AC +3) [demonic ancestry]
  3797 | D:4      | Reached XP level 6. HP: 36/41 MP: 5/11
  3883 | D:4      | Reached skill level 5 in Ice Magic
  3943 | D:4      | Found Uhyin's Distillery.
  3978 | D:4      | Got a crude brass amulet
  3993 | D:4      | Identified the amulet "Myigo" {Inacc rN+} (You found it on
                  | level 4 of the Dungeon)
  4041 | D:4      | Learned a level 4 spell: Summon Ice Beast
  4147 | D:4      | Found a staircase to the Ecumenical Temple.
  4191 | Temple   | Entered the Ecumenical Temple
  4520 | D:4      | Found a broken altar of Ashenzari.
  4654 | D:4      | Found a shimmering altar of Xom.
  4661 | D:4      | Reached skill level 1 in Summonings
  4661 | D:4      | Reached XP level 7. HP: 46/46 MP: 4/13
  5547 | D:5      | Entered Level 5 of the Dungeon
  6573 | D:5      | Reached XP level 8. HP: 20/52 MP: 5/15
  6828 | D:5      | Found a white marble altar of Elyvilon.
  6851 | D:5      | Reached skill level 5 in Dodging
  6906 | D:5      | Noticed a nameless horror
  7023 | D:5      | Found a shimmering blue altar of Sif Muna.
  7155 | D:5      | You fall into a shaft and drop 3 floors!
  7208 | D:8      | Reached skill level 5 in Spellcasting
  7775 | D:6      | Found a glowing drain.
  7782 | Sewer    | Entered a sewer
  8435 | D:6      | Found a shimmering altar of Xom.
  9221 | D:5      | Killed a nameless horror
  9447 | D:5      | Became a worshipper of Sif Muna the Loreminder
  9921 | D:6      | Found a stormy altar of Qazlal.
  9922 | D:6      | Found a basalt altar of Yredelemnul.
 11002 | D:7      | Reached skill level 1 in Fighting
 11002 | D:7      | Reached skill level 5 in Summonings
 11002 | D:7      | Gained mutation: You are immune to freezing clouds.
                  | [demonic ancestry]
 11002 | D:7      | Reached XP level 9. HP: 50/59 MP: 5/16
 11780 | D:8      | Noticed Gastronok
 12204 | D:8      | Killed Gastronok
 12587 | D:8      | Reached * piety under Sif Muna
 12866 | D:8      | Found a shadowy altar of Dithmenos.
 12880 | D:8      | Reached XP level 10. HP: 32/73 MP: 10/17
 13165 | D:8      | Noticed Grum
 13174 | D:8      | Reached skill level 5 in Fighting
 13174 | D:8      | Reached skill level 1 in Invocations
 13223 | D:8      | Killed Grum
 13761 | D:9      | Reached skill level 2 in Invocations
 13960 | D:9      | Reached skill level 3 in Invocations
 14465 | D:9      | Reached ** piety under Sif Muna
 14895 | D:9      | Reached skill level 4 in Invocations
 15222 | D:10     | Entered Level 10 of the Dungeon
 16075 | D:10     | Reached skill level 5 in Invocations
 16140 | D:10     | Learned a level 4 spell: Hailstorm
 16349 | D:10     | Reached *** piety under Sif Muna
 16998 | D:10     | Reached skill level 1 in Conjurations
 17005 | D:10     | Found a staircase to the Orcish Mines.
 17331 | D:10     | Reached **** piety under Sif Muna
 17334 | D:10     | Reached skill level 1 in Evocations
 17334 | D:10     | Gained mutation: You are completely covered in thin
                  | metallic scales. (AC +4, rElec) [demonic ancestry]
 17334 | D:10     | Reached XP level 11. HP: 71/82 MP: 7/18
 17617 | D:10     | Killed an unseen horror
 17732 | D:10     | Found Pavumad's Assorted Antiques.
 17739 | D:10     | Bought a thin glowing staff for 276 gold pieces
 19406 | D:11     | Found a blossoming altar of Fedhas.
 19512 | D:11     | Identified a scroll of acquirement
 19512 | D:11     | Acquired 713 gold pieces
 19926 | D:11     | Found Macuagis's Antique Armour Emporium.
 19928 | D:11     | Reached ***** piety under Sif Muna
 19928 | D:11     | Identified Sif Muna's Collected Works on Enchantment and
                  | Fire (Sif Muna gifted it to you on level 11 of the Dungeon)
 19928 | D:11     | Received a gift from Sif Muna
 20047 | D:11     | Learned a level 5 spell: Metabolic Englaciation
 20268 | D:11     | Noticed a boulder beetle
 20269 | D:11     | Noticed a brown ugly thing
 20269 | D:11     | Noticed a red ugly thing
 20288 | D:11     | Killed a red ugly thing
 20289 | D:11     | Reached skill level 1 in Hexes
 20289 | D:11     | Reached skill level 6 in Invocations
 20326 | D:11     | Killed a boulder beetle
 20367 | D:11     | Killed an unseen horror
 20486 | D:11     | Reached skill level 1 in Staves
 20733 | D:11     | Killed a brown ugly thing
 21098 | D:11     | Reached skill level 10 in Ice Magic
 21098 | D:11     | Reached skill level 7 in Invocations
 21102 | D:11     | Killed an unseen horror
 21127 | D:11     | Noticed a brown ugly thing
 21134 | D:11     | Killed a brown ugly thing
 21328 | D:11     | Noticed a red ugly thing
 21610 | D:11     | Killed an unseen horror
 21611 | D:11     | Reached XP level 12. HP: 60/89 MP: 2/20
 21905 | D:11     | Noticed a two-headed ogre
 21912 | D:11     | Killed a two-headed ogre
 22216 | D:11     | Found a staircase to the Lair.
 22240 | Lair:1   | Entered Level 1 of the Lair of Beasts
 22265 | Lair:1   | Reached skill level 5 in Evocations
 22266 | Lair:1   | Reached skill level 8 in Invocations
 22485 | Lair:1   | Found a transporter.
 22487 | Lair:1   | Noticed a boulder beetle
 22488 | Lair:1   | Found a transporter.
 22827 | Lair:1   | Noticed a four-headed hydra
 22843 | Lair:1   | Killed a four-headed hydra
 23183 | Lair:1   | Killed a boulder beetle
 23431 | Lair:2   | Found a staircase to the Snake Pit.
 24364 | Lair:2   | Reached skill level 5 in Hexes
 24477 | Lair:2   | Reached skill level 9 in Invocations
 24782 | Lair:2   | Found a staircase to the Swamp.
 25027 | Lair:3   | Noticed Urug
 25053 | Lair:3   | Killed Urug
 25479 | Lair:3   | Reached skill level 5 in Staves
 25791 | Lair:3   | Noticed a catoblepas
 25806 | Lair:3   | Killed a catoblepas
 25926 | Lair:3   | Found a runed translucent door.
 25926 | Lair:3   | Identified the cursed +1 trident "Killer Klown's Peril"
                  | {vamp, rN+ Str+4 Dex+3 Stlth+}
 25927 | Lair:3   | Noticed Gadfly's ghost (journeyman GrFi)
 25998 | Lair:3   | Reached skill level 10 in Invocations
 26092 | Lair:3   | Gained mutation: You have a pair of small antennae on your
                  | head. [demonic ancestry]
 26092 | Lair:3   | Reached XP level 13. HP: 30/94 MP: 0/22
 27086 | Lair:4   | Identified Sif Muna's Volume of Orientation and Enchantment
                  | (Sif Muna gifted it to you on level 4 of the Lair of
                  | Beasts)
 27086 | Lair:4   | Received a gift from Sif Muna
 28411 | Lair:5   | Reached skill level 11 in Invocations
 29810 | Lair:6   | Entered Level 6 of the Lair of Beasts
 30197 | Lair:6   | Reached skill level 1 in Armour
 30494 | Lair:6   | Identified Etoiwn's Almanac of Warped Slavery (Sif Muna
                  | gifted it to you on level 6 of the Lair of Beasts)
 30494 | Lair:6   | Received a gift from Sif Muna
 30605 | Lair:6   | Reached skill level 12 in Invocations
 30840 | Lair:6   | Gained mutation: You sometimes gain power by taking damage.
                  | [demonic ancestry]
 30840 | Lair:6   | Reached XP level 14. HP: 53/101 MP: 6/25
 31989 | Lair:6   | Found a viscous altar of Jiyva.
 31990 | Lair:6   | Found a staircase to the Slime Pits.
 33070 | Lair:6   | Learned a level 2 spell: Poisonous Vapours
 33077 | Lair:6   | Learned a level 6 spell: Freezing Cloud
 33081 | Lair:6   | Learned a level 3 spell: Mephitic Cloud
 33454 | Orc:1    | Entered Level 1 of the Orcish Mines
 33454 | Orc:1    | Found Ofupnag's Jewellery Boutique.
 33460 | Orc:1    | Identified Sif Muna's Reference Book on the Entourage (Sif
                  | Muna gifted it to you on level 1 of the Orcish Mines)
 33460 | Orc:1    | Received a gift from Sif Muna
 33746 | D:10     | Reached skill level 1 in Poison Magic
 33849 | Orc:1    | Reached skill level 1 in Air Magic
 33906 | Orc:1    | Found Lerrob's Book Shoppe.
 33965 | Orc:1    | Found Noeh's Book Shop.
 33999 | Orc:1    | Found a bloodstained altar of Trog.
 34176 | Orc:1    | Found Toisyrhi's Magic Scroll Boutique.
 34408 | Orc:1    | Bought a scroll of identify for 26 gold pieces
 34408 | Orc:1    | Bought a scroll of identify for 26 gold pieces
 34408 | Orc:1    | Bought a scroll of identify for 26 gold pieces
 35033 | Orc:1    | Noticed Erolcha
 35057 | Orc:1    | Killed Erolcha
 35531 | Orc:2    | Entered Level 2 of the Orcish Mines
 35542 | Orc:1    | Identified Sif Muna's Compendium of Creative Arcane Weapons
                  | (Sif Muna gifted it to you on level 1 of the Orcish Mines)
 35542 | Orc:1    | Received a gift from Sif Muna
 36112 | Orc:2    | Found a staircase to the Elven Halls.
 36319 | Orc:2    | Found a roughly hewn altar of Beogh.
 36390 | Orc:2    | Found Ijisituf's Gadget Boutique.
 36427 | Orc:2    | Found a shimmering altar of Xom.
 37053 | Orc:2    | Identified Runnam's Handbook of Fetching Unholy Magic (Sif
                  | Muna gifted it to you on level 2 of the Orcish Mines)
 37053 | Orc:2    | Received a gift from Sif Muna
 37088 | Orc:2    | Noticed an orc warlord
 37104 | Orc:2    | Killed an orc warlord
 37105 | Orc:2    | Reached skill level 5 in Conjurations
 37227 | Orc:2    | Found a roughly hewn altar of Beogh.
 37290 | Orc:2    | Found a roughly hewn altar of Beogh.
 37392 | Orc:2    | Found a roughly hewn altar of Beogh.
 37406 | Orc:2    | Gained mutation: Your magical and physical power is
                  | slightly enhanced at high health. [demonic ancestry]
 37406 | Orc:2    | Reached XP level 15. HP: 55/106 MP: 22/27
 37836 | Orc:2    | Paralysed by an orc sorcerer for 4 turns
 38189 | Orc:2    | Found a roughly hewn altar of Beogh.
 38193 | Orc:2    | Found Litwisch's Assorted Antiques.
 38492 | Orc:2    | Found a roughly hewn altar of Beogh.
 38696 | Orc:2    | Found Wipsicamp's Assorted Antiques.
 38861 | Orc:2    | Found Pipnyom's Antique Armour Shop.
 38866 | Orc:2    | Found a roughly hewn altar of Beogh.
 38867 | Orc:2    | Found Goomiydo's Antique Weapon Boutique.
 39323 | D:12     | Found a frozen archway.
 39744 | D:11     | Learned a level 2 spell: Swiftness
 39813 | Snake:1  | Entered Level 1 of the Snake Pit
 40239 | Snake:1  | Found Subu's Weapon Emporium.
 40248 | Snake:1  | Found Neruar's Magic Scroll Emporium.
 40289 | Snake:1  | Found a flickering gateway to a bazaar.
 40293 | Bazaar   | Entered a bazaar
 40321 | Bazaar   | Found Wirut's Armour Shop.
 40336 | Bazaar   | Found Wutugo's Distillery.
 40349 | Bazaar   | Found Kulyan's Book Boutique.
 40349 | Bazaar   | Found Neippov's Assorted Antiques.
 40414 | Bazaar   | Bought a +0 buckler of poison resistance for 85 gold pieces
 40427 | Bazaar   | Bought a steaming turquoise ring for 95 gold pieces
 40427 | Bazaar   | Bought a tubular ivory ring for 95 gold pieces
 40431 | Bazaar   | Identified the ring "Ynoluid" {*Drain +Inv rElec Will+
                  | Str+3} (You bought it in a shop in a bazaar)
 40462 | Bazaar   | Bought a +0 cloak for 45 gold pieces
 40706 | Snake:1  | Reached skill level 5 in Poison Magic
 40815 | Snake:1  | Noticed a nagaraja
 40817 | Snake:1  | Found a transporter.
 40839 | Snake:1  | Found a transporter.
 40848 | Snake:1  | Noticed Asterion
 41187 | Swamp:1  | Entered Level 1 of the Swamp
 41210 | Swamp:1  | Received a gift from Sif Muna
 41973 | Swamp:1  | Reached skill level 1 in Shields
 42988 | Swamp:2  | Reached skill level 5 in Air Magic
 44810 | Swamp:3  | HP: 2/106 [will-o-the-wisp/foxfire (22)]
 46422 | Swamp:4  | Entered Level 4 of the Swamp
 46503 | Swamp:4  | Noticed a fenstrider witch
 46523 | Swamp:3  | Killed a fenstrider witch
 46523 | Swamp:3  | Identified Sif Muna's Compendium of Battle Magic (Sif Muna
                  | gifted it to you on level 3 of the Swamp)
 46523 | Swamp:3  | Received a gift from Sif Muna
 48438 | Swamp:4  | Noticed a thorn hunter
 48458 | Swamp:4  | Killed a thorn hunter
 48564 | Swamp:4  | Noticed the 27-headed Lernaean hydra
 48702 | Swamp:4  | Killed the 27-headed Lernaean hydra
 48721 | Swamp:4  | Reached XP level 16. HP: 88/113 MP: 9/28
 49964 | Swamp:4  | Got a decaying rune of Zot
 51625 | D:12     | Identified Sif Muna's Volume of Cankerous Creation (Sif
                  | Muna gifted it to you on level 12 of the Dungeon)
 51625 | D:12     | Received a gift from Sif Muna
 51635 | D:12     | Learned a level 3 spell: Ignite Poison
 51738 | D:12     | Got a brightly glowing copper ring
 51810 | D:12     | Identified the ring "Edaxeoli" {*Tele rN++ Int-4 Dex+4}
                  | (You found it on level 12 of the Dungeon)
 52386 | D:13     | You fall into a shaft and drop 2 floors!
 52386 | D:15     | Entered Level 15 of the Dungeon
 52521 | D:14     | Found a flagged portal.
 52584 | Bailey   | Entered a bailey
 52775 | Bailey   | Found a burning altar of Makhleb.
 53375 | D:14     | Received a gift from Sif Muna
 53482 | D:14     | Noticed a storm dragon
 53495 | D:14     | Killed a storm dragon
 53535 | D:14     | Reached skill level 10 in Staves
 54595 | D:14     | Identified the Compendium of Displacement
 55100 | D:15     | Identified the +5 mace of Nuraoh {pain, Will+ Int-5 Dex+6}
 55416 | D:15     | Found a staircase to the Depths.
 56009 | D:13     | Found a gate to the Vaults.
 56009 | D:13     | Noticed Nessos
 56395 | D:14     | Received a gift from Sif Muna
 56595 | D:13     | Killed Nessos
 56596 | D:13     | Reached skill level 10 in Conjurations
 57826 | Vaults:1 | Entered Level 1 of the Vaults
 58450 | Vaults:1 | Reached XP level 17. HP: 93/118 MP: 10/29
 58533 | Vaults:1 | Slain by a two-headed ogre

Illustrated notes

Levels and vault maps discovered:
D:1:      psy_arrival_conway, layout_loops_cross
D:2:      layout_rooms, overflow_temple_1_default, zin_statuary
D:3:      layout_basic, uniq_ijyb
D:4:      layout_loops_ring, xom_butterflies, minmay_temple_entry_butterflies,
          serial_shops, shop, nicolae_ashenzari_panopticon
D:5:      layout_basic, kennysheep_mini, nicolae_overflow_hidden_temple
D:6:      layout_loops_corners, gammafunk_temple_overflow_pools,
          gup_sewer_entry_bubbles, xom_teletrap_fun
D:7:      layout_basic, kb_lookout_dungeons_type, hangedman_decor_opposing
D:8:      layout_basic, st_stairs_11, kennysheep_cross_room,
          nicolae_dithmenos_the_darkroom, uniq_grum, uniq_gastronok
D:9:      layout_basic
D:10:     layout_long_grid, hiddenorc2_lemuel, serial_shops, nicolae_shop_stone,
          serial_ice, serial_ice_m, serial_ice_j, serial_ice_f, serial_ice_d,
          serial_ice_c, serial_ice_b, minmay_tree_intersection
D:11:     minmay_the_grid_4x2 [minmay_the_grid_rooms, minmay_the_grid_empty,
          minmay_the_grid_doors, minmay_the_grid_mess, minmay_the_grid_garden,
          minmay_the_grid_spikes, minmay_the_grid_minigrid_small,
          minmay_the_grid_prize_inner_circle], layout_small_grid,
          lair_entry_dummy, serial_shops, shop, basic_altar
D:12:     layout_loops_ring, serial_ice, serial_ice_i, serial_ice_m,
          serial_ice_n, serial_ice_e, portal_ice_cave_demonic_guard,
          minivault_25_ag, hangedman_pestilent_swarm, grunt_ministairs_13
D:13:     layout_rooms, david_vaults_3
D:14:     minmay_mutant_horseshoe, layout_loops_cross, enter_bailey_3,
          hangedman_abyss_or_decor_stabs, wad_dig_loot
D:15:     grunt_enter_depths_magical_seal, layout_gridville, serial_bayou_pond_c
Temple:   eino_temple_water
Lair:1:   gammafunk_boulding_lane, layout_hall_layers
Lair:2:   layout_regular_city, minmay_swamp_entry_worms,
          minmay_snake_entry_guardpost_small, lightli_volcano_entry_magma_tube
Lair:3:   layout_gridlike, ebering_ghost_funeral_grove, uniq_urug
Lair:4:   layout_gridlike, lemuel_fruit_tree, uniq_nessos
Lair:5:   layout_regular_city, grunt_megastairs_4
Lair:6:   grunt_lair_end_beastmaster, layout_gridlike,
          dpeg_slime_entry_enclosed_altar, infiniplex_staircase_pool_2
Swamp:1:  layout_basic_swamp, evilmike_swamp_ruin_wall, swamp_pool4
Swamp:2:  layout_basic_swamp, nicolae_swamp_fairy_circle, swamp_pool5
Swamp:3:  layout_falls_marsh, evilmike_swamp_ruin_house_2, swamp_pool3
Swamp:4:  swamp_old_school, layout_basic_swamp, swamp_pool1
Snake:1:  gammafunk_sealed_arena, layout_layer_cave, serial_shops,
          bzr_entry_dummy, gammafunk_ghost_berserking_beasts,
          serial_bayou_shore_b, minmay_shop_star, uniq_louise, uniq_azrael,
          uniq_asterion
Orc:1:    lemuel_ogre_cave, layout_caves, serial_shops,
          nicolae_shop_competitors_out_of_business, shop, shop, shop,
          basic_altar, rock_pile
Orc:2:    grunt_orc_community_town_hall, layout_diamond_mine,
          grunt_orc_community_big_house_2, grunt_orc_community_big_house_2,
          grunt_orc_community_house_1, grunt_orc_community_house_1,
          grunt_orc_community_house_3, grunt_orc_community_house_1,
          grunt_orc_community_house_3, grunt_orc_community_house_3,
          serial_shops, shop_statue, basic_altar
Vaults:1: hangedman_vaults_locks, nicolae_vaults_holding_cells,
          hangedman_vaults_corner_blocks, hangedman_vaults_maws,
          layout_vaults_omnigrid, serial_shops, shop

Skill      XL: |  1  2  3  4  5  6  7  8  9 10 11 12 13 14 15 16 17 |
---------------+----------------------------------------------------+-----
Dodging        | 2 3 4 6 7 |  7.4
Ice Magic      | 4 5 6 7 8 9 10 11 | 11.3
Spellcasting   | 3 4 5 6 7 8 |  8.6
Summonings     | 1 2 5 6 8 9 |  9.0
Fighting       | 1 4 6 |  6.3
Invocations    | 5 7 10 12 | 12.3
Conjurations   | 1 2 5 7 10 | 10.6
Evocations     | 1 4 7 8 |  8.6
Hexes          | 3 6 |  6.0
Staves         | 2 5 7 9 10 11 | 11.1
Armour         | 2 4 |  4.0
Poison Magic   | 4 5 |  5.2
Air Magic      | 3 6 9 |  9.3
Shields        | 4 |  4.0
Stealth        | |  1.7
Transmutations | |  0.6
Fire Magic     | |  0.5

Action                   |  1- 3 |  4- 6 |  7- 9 | 10-12 | 13-15 | 16-18 || total
-------------------------+-------+-------+-------+-------+-------+-------++-------
Melee: Unarmed           |    19 |       |       |       |       |       ||    19
       Dagger            |    44 |    97 |   356 |   362 |       |       ||   859
       Staff             |       |       |       |   141 |   898 |   740 ||  1779
 Cast: Freeze            |    31 |    17 |    26 |    84 |    77 |       ||   235
       Frozen Ramparts   |     3 |    12 |    40 |    97 |    94 |    45 ||   291
       Ozocubu's Armour  |       |     8 |    25 |    56 |    79 |    44 ||   212
       Summon Ice Beast  |       |       |    25 |   105 |   224 |    80 ||   434
       Metabolic Englaci |       |       |       |     4 |    47 |    10 ||    61
       Poisonous Vapours |       |       |       |       |    19 |       ||    19
       Freezing Cloud    |       |       |       |       |     1 |    20 ||    21
       Swiftness         |       |       |       |       |     1 |       ||     1
       Mephitic Cloud    |       |       |       |       |       |     5 ||     5
       Ignite Poison     |       |       |       |       |       |     5 ||     5
Invok: Channel Magic     |       |       |       |     2 |     5 |     4 ||    11
 Abil: Evoke Invisibilit |       |       |       |       |     1 |       ||     1
Evoke: Wand              |       |       |     4 |     1 |     4 |     4 ||    13
       Box of beasts     |       |       |       |       |     1 |       ||     1
  Use: Scroll            |     3 |       |     9 |    17 |    26 |     8 ||    63
       Potion            |       |       |       |     2 |     6 |     5 ||    13
 Stab: Sleeping          |     1 |     4 |     6 |     3 |     5 |     3 ||    22
       Distracted        |       |       |     2 |     3 |     2 |     2 ||     9
       Paralysed         |       |       |       |       |     1 |       ||     1
       Confused          |       |       |       |       |       |     1 ||     1
Armor: Robe              |    12 |    27 |    66 |       |       |       ||   105
       Steam dragon scal |       |       |    50 |   516 |   605 |   363 ||  1534
Dodge: Dodged            |    69 |    57 |   265 |   813 |   982 |   523 ||  2709
Block: Other             |     1 |    22 |    70 |       |       |       ||    93
       Reflection        |       |     2 |     1 |       |       |       ||     3
       Buckler           |       |       |       |       |       |   143 ||   143
